 Dungeon Crawl Stone Soup version 0.27.1-1-g398f81649c (webtiles) character file.

Game seed: 6649438116648190889

1 Descartes the Magician (level 1, -2/12 HPs)
             Began as a Deep Elf Wanderer on Sept 10, 2021.
             Slain by a hobgoblin (4 damage)
             ... on level 1 of the Dungeon.
             The game lasted 00:00:25 (60 turns).

Descartes the Magician (Deep Elf Wanderer)            Turns: 60, Time: 00:00:25

Health: -2/12      AC:  2    Str:  8    XL:     1   Next: 16%
Magic:  6/6        EV: 11    Int: 15    God:
Gold:   0          SH:  0    Dex: 16    Spells: 6/6 levels left

rFire    . . .     SeeInvis .   a - +0 dagger
rCold    . . .     Faith    .   (no shield)
rNeg     . . .     Spirit   .   c - +0 robe
rPois    .         Reflect  .   (no helmet)
rElec    .         Harm     .   (no cloak)
rCorr    .         Rampage  .   (no gloves)
Will     .....                  (no boots)
Stlth    +.........             (no amulet)
HPRegen  0.04/turn              (no ring)
MPRegen  0.10/turn              (no ring)

@: no status effects
A: no striking features
a: no special abilities


You were on level 1 of the Dungeon.
You visited 1 branch of the dungeon, and saw 1 of its levels.

Inventory:

Hand Weapons
 a - a +0 dagger (weapon)
Armour
 c - a +0 robe (worn)
Wands
 d - a wand of flame (15) (quivered)
Potions
 b - a potion of lignification


   Skills:
 - Level 1.0 Fighting
 - Level 1.5 Unarmed Combat
 - Level 3.0 Spellcasting
 - Level 1.1 Conjurations
 - Level 2.6 Hexes
 + Level 2.3 Evocations


You had 6 spell levels left.
You didn't know any spells.
Your spell library was empty.

Dungeon Overview and Level Annotations

Branches:
Dungeon (1/15)

Altars:


Message History

The ball python constricts you. The hobgoblin hits you.
You barely miss the ball python.
The ball python bites you but does no damage.
The ball python constricts you. The hobgoblin hits you.
You are too injured to fight recklessly!
You escape the ball python's grasp.
You see here a +0 club.
A quokka comes into view.
The ball python closely misses you. The ball python barely misses you.
You closely miss the ball python. The ball python bites you.
The ball python grabs you. The ball python constricts you.
You closely miss the ball python. The ball python bites you.
* * * LOW HITPOINT WARNING * * *
The ball python constricts you.
You don't know any spells.
Unknown command.
Hit: a) +0 dagger
Press: ? - help, Dir - move target, f - ball python
Aim: a ball python (constricting you, about 39% to evade your +0 dagger)
You hit the ball python.
The ball python is severely wounded.
The ball python bites you but does no damage.
The ball python constricts you.
You barely miss the ball python.
The ball python is severely wounded.
The ball python barely misses you. The ball python constricts you.
The ball python barely misses you. The ball python constricts you.
You hit the ball python but do no damage.
The ball python is severely wounded.
The ball python barely misses you. The ball python constricts you.
* * * LOW HITPOINT WARNING * * *
You closely miss the ball python.
The ball python is severely wounded.
The ball python misses you. The ball python constricts you.
You hit the ball python.
You kill the ball python!
You hit the hobgoblin but do no damage.
The hobgoblin is heavily wounded.
The hobgoblin hits you.
You die...

##.###.##..........
#.## ##...........#
##.###.>....####..#
##.#.####..####..#
#......>........#
#..#####..#####.#
#..# #.........
#..# ##.###.###
#... #@###.### ...#
#g#..... ###.#
#.#.#.###.# #.#
#?.)g...r.#
###.#.#####
#........ #.#.#####
#.#.# #.#.#


You could see a hobgoblin.

Vanquished Creatures
  A ball python (D:1)
  A goblin (D:1)
2 creatures vanquished.

Notes
Turn   | Place    | Note
-------+----------+-------------------------------------------
     0 | D:1      | Descartes the Deep Elf Wanderer began the quest for the
                  | Orb.
     0 | D:1      | Descartes set off with the following items: a +0 dagger, a
                  | potion of lignification, a +0 robe, a wand of flame (15)
     0 | D:1      | Reached XP level 1. HP: 12/12 MP: 6/6
    60 | D:1      | Slain by a hobgoblin

Illustrated notes

Levels and vault maps discovered:
D:1:      scummos_arrival_checkerplants, layout_loops_ring, serial_shops,
          nicolae_square_shop, ebering_ecumenical_altar_sacrificial,
          minmay_indecisive_spiral

Action                   || total
-------------------------++-------
Melee: Dagger            ||    12
 Stab: Sleeping          ||     1
Armor: Robe              ||     3
Dodge: Dodged            ||     7
